[Event "Titled Tuesday Blitz May 9 Early 2023"]
[White "Sliwicki, Damian"]
[Black "Pranesh M"]
[WhiteFideId "1127128"]
[BlackFideId "35028600"]
[WhiteElo "2030"]
[BlackElo "2437"]
[Result "0-1"]
[Round "01"]
[TimeControl "180+2"]
[Date "2023.05.09"]
[WhiteClock "0:00:02"]
[BlackClock "0:01:17"]

1. e4 e6 2. d4 d5 3. exd5 exd5 4. Nf3 Nf6 5. c4 Be7 6. Bd3 O-O 7. O-O Nc6 8. h3 dxc4 9. Bxc4 Bf5 10. Nc3 h6 11. Re1 a6 12. Bf4 Bd6 13. Ne5 Na5 14. Bxf7+ Rxf7 15. Qa4 Bd7 16. Qxa5 b6 17. Nxf7 Kxf7 18. Bxd6 bxa5 19. Ba3 Bc6 20. d5 Bxd5 21. Rad1 c6 22. Ne4 Nxe4 23. Rxe4 Bxe4 24. Rxd8 Rxd8 0-1


[Site "https://www.chess.com"]

[Event "Titled Tuesday Blitz May 9 Early 2023"]
[White "Costachi, Mihnea"]
[Black "Sowul, Bartosz"]
[WhiteFideId "1217518"]
[BlackFideId "1137590"]
[WhiteElo "2456"]
[BlackElo "2188"]
[Result "0-1"]
[Round "01"]
[TimeControl "180+2"]
[Date "2023.05.09"]
[WhiteClock "0:01:48"]
[BlackClock "0:01:24"]

1. Nc3 Nf6 2. e4 d6 3. d4 e5 4. Nf3 exd4 5. Nxd4 Be7 6. Be2 O-O 7. O-O Re8 8. Re1 Bf8 9. Bc4 c6 10. h3 d5 11. exd5 Rxe1+ 12. Qxe1 Nxd5 13. Nxd5 cxd5 14. Bd3 Nc6 15. Be3 Qf6 16. Bd2 Qxd4 17. Bc3 Qh4 18. Qe8 Qe7 19. Re1 Qxe8 20. Rxe8 Rb8 21. Bxh7+ Kxh7 22. Rxf8 Be6 23. Rxb8 Nxb8 24. h4 Nc6 25. g3 d4 26. Bd2 Bxa2 27. b3 Bb1 28. c3 d3 29. Kg2 a5 30. Kf3 Bc2 31. Ke3 b5 32. c4 b4 33. c5 Bxb3 34. Kxd3 a4 35. Bc1 a3 36. g4 Ne5+ 37. Ke4 Nxg4 38. c6 Be6 39. c7 Nxf2+ 40. Kf3 Nd1 41. c8=Q Bxc8 42. Ke2 a2 43. Bb2 Nxb2 44. Kf3 a1=Q 45. Kf4 Qf1+ 46. Kg5 Qf5# 0-1


[Site "https://www.chess.com"]

[Event "Titled Tuesday Blitz May 9 Early 2023"]
[White "Kramnik, Vladimir"]
[Black "Devaev, Alexander"]
[WhiteFideId "4101588"]
[BlackFideId "4169395"]
[WhiteElo "2703"]
[BlackElo "2172"]
[Result "1-0"]
[Round "01"]
[TimeControl "180+2"]
[Date "2023.05.09"]
[WhiteClock "0:00:27"]
[BlackClock "0:00:00"]

1. Nf3 Nf6 2. g3 c5 3. Bg2 Nc6 4. O-O e6 5. c4 Be7 6. d4 cxd4 7. Nxd4 O-O 8. Nc3 Ne5 9. b3 d6 10. Bb2 a6 11. Qd2 Qc7 12. Rac1 Rb8 13. f4 Ng6 14. e4 Re8 15. Kh1 Bf8 16. Nf3 Nd7 17. g4 b6 18. h4 Be7 19. g5 Bb7 20. h5 Ngf8 21. f5 Qd8 22. h6 exf5 23. hxg7 Ng6 24. exf5 Bxf3 25. Rxf3 Bxg5 26. fxg6 Bxd2 27. gxf7+ Kxg7 28. fxe8=Q Qxe8 29. Ne4+ Ne5 30. Nxd2 Qh5+ 31. Rh3 Qe2 32. Bc3 Rf8 33. Rg1 Kh8 34. Be4 Rf7 35. Rg2 Qd1+ 36. Kh2 b5 37. Nf3 1-0


[Site "https://www.chess.com"]

[Event "Titled Tuesday Blitz May 9 Early 2023"]
[White "ElDivis"]
[Black "Lenderman, Aleksandr"]
[BlackFideId "2021285"]
[WhiteElo "2465"]
[BlackElo "2607"]
[Result "0-1"]
[Round "01"]
[TimeControl "180+2"]
[Date "2023.05.09"]
[WhiteClock "0:00:00"]
[BlackClock "0:01:24"]

1. e4 e6 2. d4 d5 3. Nc3 dxe4 4. Nxe4 Nd7 5. Nf3 Ngf6 6. Nxf6+ Nxf6 7. Bd3 c5 8. O-O cxd4 9. Nxd4 Bc5 10. Nb3 Bb6 11. a4 a6 12. a5 Bc7 13. Bg5 Qd6 14. g3 Nd5 15. Be4 Qe5 16. Bxd5 Qxg5 17. Bg2 O-O 18. Ra4 Rd8 19. Qg4 Qxg4 20. Rxg4 Rb8 21. Rc4 Be5 22. c3 Bd7 23. Re1 Bb5 24. Rb4 Bd6 25. Rd4 Be7 26. Red1 Rxd4 27. Rxd4 Kf8 28. h4 e5 29. Rd5 Bc4 30. Nd2 Bxd5 31. Bxd5 b5 32. b4 Rd8 0-1


[Site "https://www.chess.com"]

[Event "Titled Tuesday Blitz May 9 Early 2023"]
[White "Pourkashiyan, Atousa"]
[Black "Ibarra Jerez, Jose Carlos"]
[WhiteFideId "12502014"]
[BlackFideId "2226332"]
[WhiteElo "2228"]
[BlackElo "2638"]
[Result "0-1"]
[Round "01"]
[TimeControl "180+2"]
[Date "2023.05.09"]
[WhiteClock "0:00:00"]
[BlackClock "0:00:07"]

1. e4 c5 2. Nf3 Nc6 3. d4 cxd4 4. Nxd4 e5 5. Nb5 d6 6. N1c3 a6 7. Na3 Be6 8. Nc4 Rb8 9. Ne3 Nf6 10. Ned5 g6 11. Bg5 Bg7 12. Qf3 Nd4 13. Nxf6+ Kf8 14. Qd1 Bxf6 15. Be3 Rc8 16. Bd3 Kg7 17. O-O Qb6 18. Qd2 h6 19. Na4 Qc6 20. Nc3 Bg5 21. Rad1 Qb6 22. b3 Qa5 23. Na4 Qd8 24. Bxg5 Qxg5 25. Qxg5 hxg5 26. c3 Nc6 27. Nb6 Rcd8 28. Bc4 Kf6 29. Rd2 Rh4 30. f3 Ke7 31. Rfd1 g4 32. g3 Rhh8 33. fxg4 Bxg4 34. Nd5+ Kf8 35. Rf1 Kg7 36. Ne3 Be6 37. Rfd1 Bxc4 38. Nxc4 b5 39. Nxd6 Kf6 40. Nb7 Rxd2 41. Rxd2 Rc8 42. Nd6 Rb8 43. c4 Nd4 44. Kf2 Ke6 45. c5 b4 46. Nc4 Rc8 47. Ke3 f6 48. h4 Rxc5 49. Rf2 Rc8 50. g4 Rh8 51. Rh2 f5 52. gxf5+ gxf5 53. exf5+ Nxf5+ 54. Ke4 Ng3+ 55. Kf3 Nh5 56. Ke4 Nf6+ 57. Ke3 Ng4+ 58. Kf3 Nxh2+ 0-1


[Site "https://www.chess.com"]

[Event "Titled Tuesday Blitz May 9 Early 2023"]
[White "ElenGajger"]
[Black "Maghsoodloo, Parham"]
[BlackFideId "12539929"]
[WhiteElo "2480"]
[BlackElo "2655"]
[Result "0-1"]
[Round "01"]
[TimeControl "180+2"]
[Date "2023.05.09"]
[WhiteClock "0:00:16"]
[BlackClock "0:00:05"]

1. e4 c5 2. Nc3 Nc6 3. Bb5 Nd4 4. Bc4 d6 5. Nf3 Nf6 6. O-O a6 7. Nxd4 cxd4 8. Ne2 e5 9. d3 Be7 10. c3 dxc3 11. Nxc3 b5 12. Bb3 Be6 13. Bxe6 fxe6 14. d4 exd4 15. Qxd4 O-O 16. a4 Qd7 17. h3 e5 18. Qd3 Rab8 19. axb5 axb5 20. Be3 Qc6 21. Ra7 Rfe8 22. Bg5 Nd7 23. Bxe7 Rxe7 24. Nd5 Rf7 25. Rfa1 Nc5 26. Qc2 Qe8 27. b4 Ne6 28. Rxf7 Qxf7 29. Qc6 Qf8 30. Ra7 Kh8 31. Rd7 Nd4 32. Qxd6 Qxd6 33. Rxd6 h5 34. Ne7 Kh7 35. Nf5 Nc2 36. Rd7 Nxb4 37. Rxg7+ Kh8 38. Re7 Nd3 39. Rd7 Nc5 40. Rd5 Nxe4 41. Rxe5 Nc3 42. Nd4 b4 43. Nb3 Kg7 44. Rxh5 Ra8 45. Rh4 Na2 46. Rg4+ Kf6 47. Nc5 Ra3 48. h4 Kf5 49. f3 Rc3 50. Ne4 Rc1+ 51. Kh2 b3 52. Nd2 b2 53. Rg5+ Ke6 54. Rb5 Rc2 55. Nc4 Rxc4 56. Rxb2 Rxh4+ 57. Kg3 Ra4 58. Rb6+ Ke7 59. Rb5 Nc3 60. Re5+ Kf6 61. Rc5 Ne2+ 62. Kf2 Nf4 63. Rc6+ Ke5 64. Rc8 Ra2+ 65. Ke3 Re2# 0-1


[Site "https://www.chess.com"]

[Event "Titled Tuesday Blitz May 9 Early 2023"]
[White "demon64fields"]
[Black "KorolDimitriy75"]
[WhiteElo "2898"]
[BlackElo "2463"]
[Result "1/2-1/2"]
[Round "01"]
[TimeControl "180+2"]
[Date "2023.05.09"]
[WhiteClock "0:00:17"]
[BlackClock "0:00:14"]

1. Nf3 c5 2. g3 g6 3. Bg2 Bg7 4. O-O Nc6 5. c4 Nh6 6. Nc3 Nf5 7. b3 a6 8. Bb2 Rb8 9. d3 d6 10. Qd2 Bd7 11. Nd5 e5 12. b4 b6 13. a4 a5 14. b5 Ncd4 15. Nxd4 exd4 16. e3 O-O 17. Rae1 Re8 18. exd4 Nxd4 19. Qf4 Ne2+ 20. Rxe2 Rxe2 21. Bf6 Bxf6 22. Nxf6+ Kg7 23. Ne4 Be6 24. Bf3 Ra2 25. Nxd6 Qf6 26. Qe3 Rxa4 27. Bc6 Qd4 28. Ne8+ Kh8 29. Qh6 Kg8 30. Nc7 Ra1 31. Rxa1 Qxa1+ 32. Kg2 Qd4 33. Bd5 Bxd5+ 34. Nxd5 Re8 35. Qg5 Re6 36. Qd8+ Kg7 37. Qc7 Qxd3 38. Nf4 Qe4+ 39. Kh3 Qxc4 40. Nxe6+ Qxe6+ 41. Kg2 a4 42. Qa7 Qe4+ 43. Kh3 Qf5+ 44. Kg2 Qd5+ 45. Kh3 Qb3 46. Qxb6 a3 47. Qxc5 a2 48. Qd4+ Kg8 49. Qd8+ Kg7 50. Qd4+ Kg8 51. Qd8+ Kg7 52. Qd4+ 1/2-1/2


[Site "https://www.chess.com"]

[Event "Titled Tuesday Blitz May 9 Early 2023"]
[White "Sjugirov, Sanan"]
[Black "Martic, Ivan"]
[WhiteFideId "4189302"]
[BlackFideId "929301"]
[WhiteElo "2569"]
[BlackElo "2360"]
[Result "1-0"]
[Round "01"]
[TimeControl "180+2"]
[Date "2023.05.09"]
[WhiteClock "0:01:43"]
[BlackClock "0:00:08"]

1. e4 c5 2. Nf3 Nf6 3. Nc3 d5 4. Bb5+ Bd7 5. e5 Bxb5 6. Nxb5 Nfd7 7. e6 fxe6 8. d4 a6 9. Nc3 Nc6 10. O-O Nxd4 11. Nxd4 cxd4 12. Qxd4 Nf6 13. Re1 Kf7 14. Bf4 Rc8 15. Be5 g6 16. Re2 Bg7 17. Rae1 Rc6 18. Re3 Rf8 19. Ne2 Rc4 20. Qd3 Ng4 21. Rf3+ Kg8 22. Bxg7 Kxg7 23. Nd4 Qa5 24. Nxe6+ Kh6 25. Rh3# 1-0


[Site "https://www.chess.com"]

[Event "Titled Tuesday Blitz May 9 Early 2023"]
[White "Avazkhonov, Alikhon"]
[Black "Aravindh, Chithambaram VR."]
[WhiteFideId "14208504"]
[BlackFideId "5072786"]
[WhiteElo "1739"]
[BlackElo "2596"]
[Result "0-1"]
[Round "01"]
[TimeControl "180+2"]
[Date "2023.05.09"]
[WhiteClock "0:00:05"]
[BlackClock "0:00:50"]

1. d4 g6 2. e4 Bg7 3. Nc3 d5 4. Be3 dxe4 5. Nxe4 Nf6 6. Nxf6+ exf6 7. Nf3 O-O 8. Qd2 Re8 9. O-O-O a5 10. Bh6 Nc6 11. h4 Bg4 12. Bxg7 Kxg7 13. h5 g5 14. Be2 h6 15. d5 Nb4 16. Rhe1 Nxa2+ 17. Kb1 Nb4 18. Nd4 Qxd5 19. b3 Bxe2 20. Rxe2 c5 21. Nf3 Qxd2 22. Rexd2 a4 23. c3 Nc6 24. Rd7 axb3 25. Rxb7 Na5 26. Rb5 Nc4 27. Rxc5 b2 28. Rxc4 Ra1+ 29. Kxb2 Rxd1 30. Nd4 Rd2+ 31. Kb3 Rxf2 32. g4 Rb8+ 33. Ka3 Rf1 34. Nf5+ Kh7 35. Ka2 Rf4 36. Rc7 Ra4# 0-1


[Site "https://www.chess.com"]

[Event "Titled Tuesday Blitz May 9 Early 2023"]
[White "cristianserban1"]
[Black "Gurel, Ediz"]
[BlackFideId "44507356"]
[WhiteElo "2463"]
[BlackElo "2352"]
[Result "0-1"]
[Round "01"]
[TimeControl "180+2"]
[Date "2023.05.09"]
[WhiteClock "0:00:03"]
[BlackClock "0:00:30"]

1. d4 f5 2. c4 Nf6 3. g3 e6 4. Bg2 d5 5. Nh3 c6 6. O-O Be7 7. Nd2 O-O 8. Nf3 Ne4 9. Ne5 Bf6 10. f3 Nd6 11. c5 Bxe5 12. dxe5 Nf7 13. Qd4 Nd7 14. f4 b6 15. b4 a5 16. cxb6 axb4 17. Qxb4 Qxb6+ 18. Qxb6 Nxb6 19. Be3 Nc4 20. Bc5 Re8 21. Rfc1 Ba6 22. e3 Reb8 23. Bf1 Nd2 24. Bxa6 Rxa6 25. Nf2 Rba8 26. Nd3 Rxa2 27. Rxa2 Rxa2 28. Nb4 Nf3+ 29. Kf1 Rxh2 30. Rc2 Rxc2 31. Nxc2 Nd2+ 32. Ke2 Ne4 33. Ba3 c5 34. Kf3 h5 35. Ne1 Nd8 36. Nd3 c4 37. Ne1 Nc6 38. Nc2 g5 39. Bc5 g4+ 40. Ke2 Nxc5 0-1


[Site "https://www.chess.com"]

[Event "Titled Tuesday Blitz May 9 Early 2023"]
[White "Mitrabha, Guha"]
[Black "Ljukin, Sergei"]
[WhiteFideId "5057000"]
[BlackFideId "14102200"]
[WhiteElo "2507"]
[BlackElo "2312"]
[Result "1-0"]
[Round "01"]
[TimeControl "180+2"]
[Date "2023.05.09"]
[WhiteClock "0:01:43"]
[BlackClock "0:00:30"]

1. Nf3 d5 2. c4 c6 3. g3 Nf6 4. Bg2 Bf5 5. O-O e6 6. b3 Bd6 7. Bb2 O-O 8. d3 Nbd7 9. Nbd2 e5 10. a3 h6 11. b4 e4 12. Nd4 Bh7 13. dxe4 dxe4 14. Qb3 Ne5 15. Rfd1 Qe7 16. Nf1 c5 17. Nb5 Bb8 18. Ne3 Neg4 19. h3 Nxe3 20. Qxe3 a6 21. Nc3 cxb4 22. axb4 Be5 23. c5 Rad8 24. Na4 Bxb2 25. Nxb2 Nd5 26. Qb3 Nf6 27. Nc4 Rxd1+ 28. Rxd1 Rd8 29. e3 Bf5 30. Rxd8+ Qxd8 31. Nd6 Be6 32. Qc2 Bd5 33. Nxe4 Nxe4 34. Bxe4 Bxe4 35. Qxe4 Qd7 36. Kh2 Qb5 37. h4 h5 38. Qd4 g6 39. Qd8+ Kg7 40. Qb6 Qxb6 41. cxb6 Kf6 42. f3 Ke6 43. g4 Kd6 44. Kg3 Kc6 45. Kf4 Kxb6 46. Kg5 Kb5 47. gxh5 gxh5 48. Kxh5 a5 49. bxa5 Kxa5 50. Kg4 b5 51. h5 b4 52. h6 b3 53. h7 b2 54. h8=Q b1=Q 55. Qa8+ 1-0


[Site "https://www.chess.com"]

[Event "Titled Tuesday Blitz May 9 Early 2023"]
[White "Quesada Perez, Yuniesky"]
[Black "Redzisz, Michal"]
[WhiteFideId "3504409"]
[BlackFideId "21816107"]
[WhiteElo "2585"]
[BlackElo "2175"]
[Result "1-0"]
[Round "01"]
[TimeControl "180+2"]
[Date "2023.05.09"]
[WhiteClock "0:01:00"]
[BlackClock "0:00:07"]

1. e4 c5 2. Nf3 e6 3. d4 cxd4 4. Nxd4 a6 5. Be2 Ne7 6. c4 Nbc6 7. Nc3 g6 8. Be3 Bg7 9. O-O O-O 10. Qd2 f5 11. f4 fxe4 12. Nxe4 d5 13. Nxc6 Nxc6 14. Ng5 d4 15. Bf2 e5 16. c5 Bf6 17. Bc4+ Kg7 18. Ne4 Bf5 19. Nxf6 Qxf6 20. fxe5 Qxe5 21. b4 Rad8 22. Rae1 Qc7 23. Bg3 Qd7 24. Bd6 Rfe8 25. a4 Rxe1 26. Rxe1 Re8 27. Rxe8 Qxe8 28. b5 axb5 29. axb5 Na5 30. Qxd4+ Kh6 31. Bf4+ g5 32. Qf6+ Qg6 33. Bxg5+ Kh5 34. Bf7 Nc6 1-0


[Site "https://www.chess.com"]

[Event "Titled Tuesday Blitz May 9 Early 2023"]
[White "Bethke, Richard"]
[Black "Zhigalko, Sergei"]
[WhiteFideId "12959243"]
[BlackFideId "13502956"]
[WhiteElo "2369"]
[BlackElo "2626"]
[Result "0-1"]
[Round "01"]
[TimeControl "180+2"]
[Date "2023.05.09"]
[WhiteClock "0:01:14"]
[BlackClock "0:02:27"]

1. e4 c5 2. Nf3 Nc6 3. d4 cxd4 4. Nxd4 Nf6 5. Nc3 e5 6. Ndb5 d6 7. Bg5 a6 8. Na3 b5 9. Nd5 Be7 10. Bxf6 Bxf6 11. c3 Bg5 12. Nc2 Ne7 13. a4 bxa4 14. Ncb4 O-O 15. Rxa4 a5 16. Nxe7+ Qxe7 17. Nd5 Qb7 18. Ra2 Be6 19. Bc4 Rfc8 20. Qe2 Kh8 21. h4 Bd8 22. g3 f5 23. O-O fxe4 24. Qxe4 Rxc4 25. Qxc4 Bxd5 26. Qa4 Bb6 0-1


[Site "https://www.chess.com"]

[Event "Titled Tuesday Blitz May 9 Early 2023"]
[White "Livaic, Leon"]
[Black "Ciolacu, Alessia-Mihaela"]
[WhiteFideId "14531534"]
[BlackFideId "1252640"]
[WhiteElo "2522"]
[BlackElo "1937"]
[Result "1-0"]
[Round "01"]
[TimeControl "180+2"]
[Date "2023.05.09"]
[WhiteClock "0:01:27"]
[BlackClock "0:01:12"]

1. d4 Nf6 2. c4 e6 3. Nc3 d5 4. Nf3 a6 5. cxd5 exd5 6. Bg5 Be6 7. Bxf6 Qxf6 8. Qb3 Ra7 9. g3 Qd8 10. h4 c6 11. Ng5 Bc8 12. e4 h6 13. Nf3 Be6 14. e5 c5 15. Bg2 Nc6 16. O-O cxd4 17. Ne2 Bc5 18. Rfd1 Bg4 19. Nf4 O-O 20. Rac1 Bxf3 21. Bxf3 Nxe5 22. Rxc5 d3 23. Bg2 1-0


[Site "https://www.chess.com"]

[Event "Titled Tuesday Blitz May 9 Early 2023"]
[White "Bochnicka, Vladimir"]
[Black "Galchenko, Matvey"]
[WhiteFideId "14943450"]
[BlackFideId "24175480"]
[WhiteElo "2094"]
[BlackElo "2423"]
[Result "1/2-1/2"]
[Round "01"]
[TimeControl "180+2"]
[Date "2023.05.09"]
[WhiteClock "0:00:05"]
[BlackClock "0:00:07"]

1. e4 e6 2. d4 d5 3. exd5 exd5 4. Nf3 Nf6 5. Bd3 c5 6. O-O Nc6 7. Re1+ Be7 8. dxc5 O-O 9. Nbd2 Bxc5 10. Nb3 Bb6 11. Bg5 h6 12. Bh4 g5 13. Bg3 Re8 14. c3 Ne4 15. Bxe4 dxe4 16. Qxd8 Rxd8 17. Ne5 f5 18. Nxc6 bxc6 19. Be5 Be6 20. Nd4 Bd7 21. Rad1 c5 22. Nc2 Be6 23. b3 a5 24. Ne3 a4 25. Nc4 Bxc4 26. bxc4 Kf7 27. Kf1 Ke6 28. f4 Ba5 29. Ke2 gxf4 30. Bxf4 Bxc3 31. Rxd8 Rxd8 32. Rb1 Bb4 33. Bxh6 Rd4 34. Rc1 Rd3 35. Bf4 Bc3 36. Rb1 Bb4 37. h4 Rc3 38. Rc1 Rd3 39. h5 Bc3 40. Rb1 Bb4 41. h6 Rd7 42. a3 Bxa3 43. Rb6+ Kf7 44. Ra6 Bb2 45. Rxa4 Kg6 46. Ra6+ Kh5 47. Rc6 Bd4 48. g3 Kg4 49. Bd6 Rb7 50. Bxc5 Rb2+ 51. Kd1 Be5 52. Ba3 Rb3 53. Bc5 Kf3 54. h7 Rb1+ 55. Kc2 Rh1 56. Re6 Bxg3 57. Re7 Bf2 58. Bxf2 Kxf2 59. c5 Rh6 60. Kc3 e3 61. Kd3 f4 62. c6 Rd6+ 63. Ke4 e2 64. Kxf4 Rh6 65. Rxe2+ Kxe2 66. c7 Rxh7 67. c8=Q Rf7+ 68. Ke4 Re7+ 69. Kd4 Re3 70. Qc2+ Kf3 71. Qf5+ Ke2 72. Qf4 Rf3 73. Qe4+ Kf2 74. Qe5 Kg2 75. Qg5+ Kf2 76. Qh4+ Ke2 77. Ke4 Re3+ 78. Kf4 Rf3+ 79. Kg4 Re3 80. Qh2+ Kd3 81. Kf4 Re4+ 82. Kf5 Re3 83. Qf2 Re2 84. Qf3+ Re3 85. Qd1+ Kc3 86. Kf4 Rd3 87. Qc1+ Kd4 88. Qc6 Rd2 89. Qe4+ Kc3 90. Qe3+ Rd3 91. Qc5+ Kd2 92. Ke4 Rc3 93. Qf2+ Kc1 94. Qe1+ Kb2 95. Qd2+ Kb3 96. Kd4 Rc2 97. Qd1 Kb2 98. Kd3 Rc3+ 99. Kd4 Rc2 100. Qf3 Rd2+ 101. Kc4 Kc2 102. Qb3+ Kc1 103. Kc3 Rd3+ 104. Kxd3 1/2-1/2


[Site "https://www.chess.com"]

[Event "Titled Tuesday Blitz May 9 Early 2023"]
[White "Gharibyan, Mamikon"]
[Black "Xu, Daniel"]
[WhiteFideId "13308300"]
[BlackFideId "2627345"]
[WhiteElo "2445"]
[BlackElo "1980"]
[Result "1/2-1/2"]
[Round "01"]
[TimeControl "180+2"]
[Date "2023.05.09"]
[WhiteClock "0:00:17"]
[BlackClock "0:00:04"]

1. e4 c5 2. Nf3 d6 3. d4 cxd4 4. Qxd4 a6 5. Nc3 Nc6 6. Qd3 g6 7. Be2 Bg7 8. O-O Nf6 9. Rd1 O-O 10. a3 Bg4 11. h3 Bxf3 12. Qxf3 Rc8 13. Qg3 Ne5 14. Bf1 Nc4 15. Qf3 Nd7 16. Bxc4 Rxc4 17. Qe2 b5 18. Nd5 Nb6 19. c3 Nxd5 20. exd5 Re8 21. Be3 e5 22. dxe6 Rxe6 23. Qf3 Qc8 24. Rd3 Qc6 25. Qxc6 Rxc6 26. a4 Re8 27. axb5 axb5 28. Ra7 Rb8 29. Bf4 Be5 30. Bh6 Bg7 31. Bxg7 Kxg7 32. Rf3 Rf8 33. Rb7 Rc5 34. Rd3 Rd8 35. Rf3 Rf8 36. Rd7 Rd5 37. g4 h6 38. Kg2 h5 39. Kg3 hxg4 40. hxg4 Rd2 41. b4 Rd5 42. Re3 Rc8 43. f3 Rf8 44. Rc7 Kg8 45. Ree7 Kg7 46. Red7 Rd3 47. Rc6 Re8 48. Rdxd6 Rxd6 49. Rxd6 Rc8 50. Rd3 Kf6 51. Kf4 Rc4+ 52. Ke3 Ke6 53. Kd2 f5 54. g5 Rh4 55. Rd8 Rh2+ 56. Kd3 Rg2 57. Rb8 Rxg5 58. Rb6+ Kd7 59. Rxb5 Rg3 60. Ke3 Kc6 61. c4 Rh3 62. Re5 Kd7 63. Rd5+ Kc6 64. b5+ Kc7 65. Rc5+ Kb7 66. Rc6 g5 67. Kd4 Rxf3 68. Kc5 Rd3 69. Rg6 g4 70. Rg7+ Kb8 71. Kc6 Rd8 72. b6 f4 73. Rxg4 Rf8 74. Rg7 f3 75. Rb7+ Kc8 76. Rc7+ Kb8 77. Rb7+ Kc8 78. Rc7+ Kb8 79. Rb7+ 1/2-1/2


[Site "https://www.chess.com"]

[Event "Titled Tuesday Blitz May 9 Early 2023"]
[White "Gurevich, Dmitry"]
[Black "Har-Zvi, Ronen"]
[WhiteFideId "2000407"]
[BlackFideId "2801485"]
[WhiteElo "2506"]
[BlackElo "2523"]
[Result "0-1"]
[Round "01"]
[TimeControl "180+2"]
[Date "2023.05.09"]
[WhiteClock "0:00:19"]
[BlackClock "0:00:18"]

1. d4 d5 2. c4 dxc4 3. Nf3 Nf6 4. e3 e6 5. Bxc4 c5 6. O-O a6 7. Bb3 Nc6 8. Qe2 Qc7 9. Nc3 Be7 10. dxc5 Bxc5 11. e4 Nd4 12. Nxd4 Bxd4 13. Be3 Bxe3 14. Qxe3 Ng4 15. Qg3 Qxg3 16. hxg3 Bd7 17. Rfd1 Ke7 18. f3 Ne5 19. Na4 Bxa4 20. Bxa4 Rhd8 21. Bb3 Nd3 22. Rd2 Nc5 23. Rc2 Nxb3 24. axb3 Rac8 25. Rac1 Rd1+ 26. Rxd1 Rxc2 27. Rb1 g5 28. g4 Kf6 29. Kh2 Ke5 30. Kg3 f6 31. b4 Rc4 32. b5 axb5 33. Rh1 Rc7 34. Rd1 b4 35. Rd3 b5 36. Rb3 Rc4 37. Rd3 Rd4 38. Rb3 Kd6 39. Kf2 Kc5 40. e5 fxe5 41. Re3 Rd2+ 42. Kg3 Rxb2 43. Rxe5+ Kc4 44. Rxg5 b3 45. Rh5 Rc2 0-1


[Site "https://www.chess.com"]

[Event "Titled Tuesday Blitz May 9 Early 2023"]
[White "Bacrot, Etienne"]
[Black "Rom, Jasper"]
[WhiteFideId "605506"]
[BlackFideId "2023733"]
[WhiteElo "2672"]
[BlackElo "2233"]
[Result "1-0"]
[Round "01"]
[TimeControl "180+2"]
[Date "2023.05.09"]
[WhiteClock "0:02:30"]
[BlackClock "0:00:00"]

1. e4 e6 2. Nf3 d5 3. exd5 exd5 4. d4 Bg4 5. h3 Bh5 6. Qe2+ Qe7 7. Be3 Nc6 8. Nc3 Bxf3 9. Qxf3 Nxd4 10. Qd1 Nf5 11. Qxd5 Nxe3 12. Bb5+ c6 13. Bxc6+ bxc6 14. Qxc6+ Qd7 15. Qxa8+ Ke7 16. Qe4+ Qe6 17. Qxe3 Qxe3+ 18. fxe3 Ke6 19. O-O-O Bc5 20. Nd5 Nh6 21. b4 Bd6 22. e4 Rc8 23. Kb2 Be5+ 24. Kb3 f6 25. c4 Nf7 26. c5 Ng5 27. Rhe1 Kf7 28. Kc4 Ne6 29. a4 a5 30. Nb6 Rc6 31. Kb5 Rc7 32. Rd7+ 1-0


[Site "https://www.chess.com"]

[Event "Titled Tuesday Blitz May 9 Early 2023"]
[White "Dinu, Dumitru-Daniel"]
[Black "Grigoriants, Sergey"]
[WhiteFideId "1208403"]
[BlackFideId "4130804"]
[WhiteElo "2240"]
[BlackElo "2502"]
[Result "0-1"]
[Round "01"]
[TimeControl "180+2"]
[Date "2023.05.09"]
[WhiteClock "0:00:08"]
[BlackClock "0:00:33"]

1. e4 c5 2. b3 e6 3. Bb2 Nc6 4. Bb5 Nge7 5. f4 a6 6. Bxc6 Nxc6 7. Nf3 d5 8. d3 Be7 9. O-O O-O 10. Nbd2 b5 11. Qe1 Bb7 12. Qg3 d4 13. c3 Bf6 14. e5 Be7 15. cxd4 cxd4 16. Ne4 Rc8 17. Qf2 Nb4 18. Ne1 Nxd3 19. Nxd3 Bxe4 20. Rad1 Qd5 21. g3 Rfd8 22. Rfe1 h6 23. Rd2 a5 24. Red1 a4 25. Ne1 d3 26. Nxd3 Bxd3 27. Rxd3 Qxd3 28. Rxd3 Rxd3 29. bxa4 Bc5 0-1


[Site "https://www.chess.com"]

[Event "Titled Tuesday Blitz May 9 Early 2023"]
[White "Ivic, Velimir"]
[Black "Abdilkhair, Abilmansur"]
[WhiteFideId "950122"]
[BlackFideId "13716417"]
[WhiteElo "2563"]
[BlackElo "2215"]
[Result "1-0"]
[Round "01"]
[TimeControl "180+2"]
[Date "2023.05.09"]
[WhiteClock "0:02:07"]
[BlackClock "0:00:08"]

1. e4 e6 2. d4 d5 3. Nc3 dxe4 4. Nxe4 Nd7 5. Nf3 Ngf6 6. Nxf6+ Nxf6 7. Be3 Be7 8. Bd3 O-O 9. Qe2 b6 10. O-O-O Bb7 11. Kb1 a5 12. Ne5 Nd5 13. Bc1 c5 14. dxc5 bxc5 15. c4 Qc7 16. cxd5 Bxd5 17. Bc4 Rfd8 18. Bxd5 exd5 19. Rhe1 Bf6 20. f4 d4 21. Qc4 Rab8 22. Nd3 Be7 23. g4 Rb6 24. Re2 Bf8 25. Rde1 Rdb8 26. Re8 Qd7 27. Rxb8 Rxb8 28. f5 Qc6 29. Qxf7+ Kxf7 30. Ne5+ Kf6 31. Nxc6 Rb6 32. Re6+ Kf7 33. Ne5+ Kg8 34. Rxb6 h6 35. Ng6 c4 36. Rb8 Kf7 37. Rxf8# 1-0


[Site "https://www.chess.com"]

[Event "Titled Tuesday Blitz May 9 Early 2023"]
[White "Jimenez Almeida, Luis David"]
[Black "Sethuraman, S.P."]
[WhiteFideId "22242244"]
[BlackFideId "5021596"]
[WhiteElo "2245"]
[BlackElo "2543"]
[Result "0-1"]
[Round "01"]
[TimeControl "180+2"]
[Date "2023.05.09"]
[WhiteClock "0:00:07"]
[BlackClock "0:00:17"]

1. e4 c5 2. Nc3 d6 3. g3 Nc6 4. Bg2 g6 5. Nge2 Bg7 6. O-O Rb8 7. a4 Nf6 8. d4 cxd4 9. Nxd4 Bd7 10. h3 O-O 11. Be3 a6 12. Qd2 Rc8 13. Nd5 Nxd5 14. exd5 Nxd4 15. Bxd4 Bxd4 16. Qxd4 Rxc2 17. Rfe1 Re8 18. h4 Qc7 19. h5 Qc4 20. Qe3 e5 21. hxg6 hxg6 22. Be4 Rxb2 23. Qh6 Qd4 24. Re3 Re7 25. Rf1 f5 26. Bg2 Rg7 27. Qg5 Qb6 28. Qf6 Qc7 29. Ree1 Rc2 30. Rb1 b5 31. axb5 Bxb5 32. Rfe1 Qe7 33. Qxe7 Rxe7 34. f4 e4 35. Bf1 Bxf1 36. Kxf1 Kg7 37. Rb6 Rd7 38. Rxa6 Rd2 39. Ra5 Rd3 40. Kf2 Rc7 41. Re2 Rcc3 42. Ra7+ Kf6 43. g4 Rf3+ 44. Ke1 Rxf4 45. gxf5 gxf5 46. Rh2 Ke5 47. Kd2 Rd3+ 48. Kc2 Kxd5 49. Ra5+ Kd4 50. Rh5 Rf2+ 51. Kc1 d5 52. Ra4+ Ke5 53. Rh4 Rg3 54. Rh1 Rgg2 55. Kd1 Rb2 56. Kc1 Rgc2+ 57. Kd1 Rb1+ 58. Kxc2 Rxh1 59. Kd2 Rh2+ 60. Ke3 f4# 0-1


[Site "https://www.chess.com"]

[Event "Titled Tuesday Blitz May 9 Early 2023"]
[White "Salinas Herrera, Pablo"]
[Black "Liu, Casper"]
[WhiteFideId "3407128"]
[BlackFideId "1454153"]
[WhiteElo "2546"]
[BlackElo "2221"]
[Result "1-0"]
[Round "01"]
[TimeControl "180+2"]
[Date "2023.05.09"]
[WhiteClock "0:00:50"]
[BlackClock "0:00:10"]

1. e4 Nf6 2. e5 Nd5 3. d4 d6 4. Nf3 dxe5 5. Nxe5 c6 6. Bd3 g6 7. O-O Bg7 8. Re1 O-O 9. c3 Nd7 10. Nf3 N7b6 11. h3 Re8 12. Bg5 h6 13. Bh4 Nf4 14. Bf1 Nbd5 15. Nbd2 Bf5 16. Nc4 Qd7 17. Nce5 Qc7 18. Bg3 f6 19. Nd3 g5 20. c4 Nb6 21. Nc5 Rad8 22. Qb3 e5 23. dxe5 fxe5 24. Ne4 Kh8 25. c5 Nbd5 26. Nd6 Rf8 27. Nxe5 Be6 28. Ng6+ Nxg6 29. Rxe6 Ngf4 30. Re4 b6 31. Rae1 bxc5 32. Ne8 Qf7 33. Nxg7 Qxg7 34. Qc2 Nb4 35. Qxc5 Nbd3 36. Bxd3 Nxd3 37. Qxc6 Rf6 38. Re8+ Rxe8 39. Rxe8+ Kh7 40. Qe4+ Qg6 41. Re7+ Kh8 42. Qa8+ Qg8 43. Re8 1-0


[Site "https://www.chess.com"]